 Dungeon Crawl Stone Soup version 0.22-a0-785-g6253c82ace (webtiles) character file.

2 Holzbalken the Grasshopper (level 1, 0/10 HPs)
             Began as a Spriggan Warper on July 20, 2018.
             Slain by a leopard gecko (5 damage)
             ... on level 1 of the Dungeon.
             The game lasted 00:01:02 (94 turns).

Holzbalken the Grasshopper (Spriggan Warper)          Turns: 94, Time: 00:01:02

Health: 0/10       AC:  2    Str:  7    XL:     1   Next: 33%
Magic:  5/5        EV: 18    Int: 14    God:
Gold:   26         SH:  0    Dex: 15    Spells: 5/5 levels left

rFire    . . .     SeeInvis +   a - +0 short sword
rCold    . . .     Gourm    .   (shield restricted)
rNeg     . . .     Faith    .   b - +0 robe
rPois    .         Spirit   .   (helmet restricted)
rElec    .         Reflect  .   (no cloak)
rCorr    .         Harm     .   (gloves unavailable)
MR       .....                  (boots unavailable)
Stlth    +.........             (no amulet)
HPRegen  0.03/turn              (no ring)
MPRegen  0.09/turn              (no ring)

@: very quick
A: very small, unfitting armour, see invisible, herbivore, speed 3, slow
metabolism 2
a: no special abilities


You were on level 1 of the Dungeon.
You were not hungry.

You visited 1 branch of the dungeon, and saw 1 of its levels.

You collected 26 gold pieces.

Inventory:

Hand Weapons
 a - a +0 short sword (weapon)
Missiles
 e - 5 tomahawks of dispersal (quivered)
Armour
 b - a +0 robe (worn)
Scrolls
 d - a scroll of blinking
Comestibles
 f - a ration


   Skills:
 - Level 1.5 Fighting
 + Level 2.2 Short Blades
 - Level 1.0 Throwing
 - Level 3.5 Dodging
 * Level 2.9 Spellcasting
   Level 4.4 Translocations


You had 5 spell levels left.
You didn't know any spells.
Your spell library contained the following spells:

 Spells                   Type           Power        Failure   Level  Hunger
 Teleport Other           Tloc           ##......     11%         3    ###....
 Blink                    Tloc           N/A          5%          2    ##.....
 Passage of Golubria      Tloc           N/A          34%         4    #####..
 Shroud of Golubria       Chrm/Tloc      #.........   13%         2    ##.....
 Gell's Gravitas          Tloc           ##........   11%         3    ###....
 Lesser Beckoning         Tloc           ##........   11%         3    ###....


Dungeon Overview and Level Annotations

Branches:
Dungeon (1/15)

Altars:


Innate Abilities, Weirdness & Mutations

You are very small and have problems with some larger weapons.
You are too small for most types of armour.
You have supernaturally acute eyesight. (SInv)
You are a herbivore.
You cover ground extremely quickly.
You need to consume almost no food.


Message History

The kobold shouts!
Found 8 gold pieces.
A leopard gecko comes into view.
A giant cockroach comes into view.
The kobold hits you with a short sword.
Ouch! That really hurt!
You hit the kobold.
You kill the kobold!
You hit the leopard gecko.
The leopard gecko is moderately wounded.
The leopard gecko bites you but does no damage.
The leopard gecko barely misses you.
You hit the leopard gecko.
The leopard gecko is almost dead.
The leopard gecko barely misses you.
You hit the leopard gecko but do no damage.
The leopard gecko is almost dead.
The leopard gecko bites you.
Ouch! That really hurt!
You die...

###.# ######
#...# #.# #
#.### ##'####
#.# +...'.. #.#
#.<.### #.#
+...+ #.# ##+##
#.# # #@# .#
##l#..###
#s......#
...........$...
...##..##..#..#
. .... ..?...
..... #.....
#..... ##.#.
#..... .#


You could see a leopard gecko and a giant cockroach.

Vanquished Creatures
  2 kobolds (D:1)
  A rat (D:1)
3 creatures vanquished.

Notes
Turn   | Place    | Note
-------+----------+-------------------------------------------
     0 | D:1      | Holzbalken the Spriggan Warper began the quest for the Orb.
     0 | D:1      | Reached XP level 1. HP: 10/10 MP: 5/5
    94 | D:1      | Slain by a leopard gecko

Vault maps used:
D:1:      dpeg_arrival_radiant

Action                   || total
-------------------------++-------
Melee: Short sword       ||    10
Armor: Robe              ||     1
Dodge: Dodged            ||     7

Table legend:
 A = Spawn XP
 B = Non-spawn XP
 C = Spawn XP percentage of total XP
 D = Spawn monster count
 E = Non-spawn monster count
 F = Spawn count percentage of total count
 G = Total turns spent on level
                    A         B        C        D         E        F      G
               +---------+---------+-------+---------+---------+-------+---------
         Total |       0 |       4 |   0.0 |       0 |       3 |   0.0 |    94
               +---------+---------+-------+---------+---------+-------+---------
           D:1 |       0 |       4 |   0.0 |       0 |       3 |   0.0 |    94
               +---------+---------+-------+---------+---------+-------+---------
